New York Islanders vs Florida Panthers

Created - jeudi 4 avril 2019 at 19:00

Goals
1 2 3 OT1 T
New York Islanders 0 0 2 1 3
Florida Panthers 2 0 0 0 2
Shots
1 2 3 OT1 T
New York Islanders 11 6 9 5 31
Florida Panthers 8 11 5 1 25

1st period

1. Florida Panthers , Aleksander Barkov 38 (Jonathan Huberdeau 42, Keith Yandle 27) at 14:25
2. Florida Panthers , Jimmy Vesey 17 (Vincent Trocheck 46, Darnell Nurse 16) at 14:39

Penalties :
Mark Jankowski (FLO) for Roughing (Minor) at 8:28

2nd period

No Goal

Penalties :
Kyle Okposo (NYI) for Holding (Minor) at 2:21, Kevin Shattenkirk (NYI) for Holding (Minor) at 13:41

3rd period

3. New York Islanders , Nikolay Kulemin 9 (Chris Tierney 25, Braydon Coburn 14) at 16:04
4. New York Islanders , Mikkel Boedker 14 (Sam Reinhart 27, Kyle Okposo 13) at 18:14

Penalties :
Keith Yandle (FLO) for Holding (Minor) at 3:52, Brett Ritchie (FLO) for Hooking (Minor) at 11:22

Overtime #1

5. New York Islanders , Anders Lee 23 (Bryan Little 34, Oliver Ekman-Larsson 17) at 1:23

Penalties :
No Penalty

Goalie Stats

Martin Jones (NYI), 23 saves from 25 shots - (0.920), W, 44-27-7, 61:23 minutes
Roberto Luongo (FLO), 28 saves from 31 shots - (0.903), OTL, 35-23-13, 61:23 minutes

Players Stats for New York Islanders

Player Name              G  A  P  +/- PIM S  H  SB GA TA FO     MP     PP MP  PK MP  
------------------------------------------------------------------------------------
Alex Galchenyuk          0  0  0   0  0   1  2  1  0  0  1/2    13:33   0:20   0:00 
Anders Lee               1  0  1   0  0   4  4  0  0  0  0/2    17:38   2:56   0:00 
Andrew MacDonald         0  0  0   2  0   1  0  0  1  0  0/0    21:59   3:04   1:27 
Braydon Coburn           0  1  1   2  0   1  1  0  0  0  0/0    20:06   0:20   1:27 
Bryan Little             0  1  1   0  0   4  3  1  0  1  6/14   17:07   2:56   0:00 
Chris Tierney            0  1  1   1  0   0  1  0  0  2  2/3    12:35   0:00   1:44 
Daniel Sedin             0  0  0   0  0   2  3  0  0  0  1/1    14:33   2:46   0:00 
Dennis Seidenberg        0  0  0  -1  0   0  4  2  0  0  0/0    13:14   0:00   0:00 
Derek Forbort            0  0  0  -1  0   1  4  2  0  1  0/0    23:47   3:04   2:31 
Kevin Shattenkirk        0  0  0  -1  2   0  0  2  0  1  0/0    15:49   2:53   0:00 
Kyle Okposo              0  1  1   0  2   1  4  0  1  0  1/1    13:32   0:00   0:00 
Magnus Paajarvi          0  0  0   1  0   0  3  0  0  0  0/0    12:35   0:00   1:44 
Mikael Backlund          0  0  0   0  0   3  2  2  2  0  12/21  17:57   2:56   2:07 
Mikkel Boedker           1  0  1   0  0   3  1  0  1  1  1/1    13:25   0:00   0:00 
Mikko Rantanen           0  0  0  -1  0   7  2  1  1  0  1/2    18:17   3:01   0:22 
Nikolay Kulemin          1  0  1   1  0   2  0  0  0  0  0/0    12:57   0:00   1:59 
Oliver Ekman-Larsson     0  1  1   0  0   1  4  3  0  0  0/0    25:07   2:33   2:31 
Sam Reinhart             0  1  1   0  0   0  2  0  1  1  6/9    15:58   2:56   0:00 

Players Stats for Florida Panthers

Player Name              G  A  P  +/- PIM S  H  SB GA TA FO     MP     PP MP  PK MP  
------------------------------------------------------------------------------------
Aleksander Barkov        1  0  1  -1  0   4  2  2  0  0  7/16   19:43   1:51   3:01 
Brett Ritchie            0  0  0   0  2   0  0  0  0  0  0/0     9:23   0:00   0:00 
Brock Boeser             0  0  0  -2  0   3  0  1  1  0  1/1    15:45   1:49   0:00 
Cody McLeod              0  0  0   0  0   0  2  0  0  0  0/0     9:18   0:00   0:00 
Darnell Nurse            0  1  1   1  0   1  2  2  0  0  0/0    25:56   1:39   2:53 
Ian McCoshen             0  0  0  -1  0   2  4  0  0  1  0/0    20:33   2:19   2:54 
Jared McCann             0  0  0   1  0   2  4  1  1  0  2/2    16:41   2:07   2:40 
Jimmy Vesey              1  0  1   1  0   3  1  0  0  0  1/3    13:55   2:07   0:00 
Jonathan Huberdeau       0  1  1  -2  0   1  1  0  1  0  1/3    19:00   1:49   2:55 
Justin Holl              0  0  0   0  0   0  2  0  0  1  0/0    16:28   0:00   2:49 
Keith Yandle             0  1  1   0  2   1  1  1  1  1  0/0    23:19   1:39   0:24 
Mark Jankowski           0  0  0   0  2   1  4  2  2  2  5/11   15:15   0:02   0:00 
Mark Pysyk               0  0  0  -1  0   2  2  0  0  0  0/0    20:40   2:19   2:54 
Melker Karlsson          0  0  0   0  0   1  3  0  0  0  0/1    15:31   0:00   0:17 
Mike Matheson            0  0  0   0  0   0  1  2  0  1  0/0    14:26   0:00   0:00 
Nick Bjugstad            0  0  0   0  0   0  0  0  0  0  0/1     9:18   0:00   0:00 
Radim Vrbata             0  0  0   0  0   2  3  1  0  0  0/0    14:56   0:02   0:00 
Vincent Trocheck         0  1  1   1  0   2  1  1  1  1  8/18   18:02   2:07   3:01 

3 Stars

1 - Anders Lee (NYI)
2 - Nikolay Kulemin (NYI)
3 - Jimmy Vesey (FLO)

Power Play

New York Islanders - 0 on 3 Attempt(s) - 0.00%
Florida Panthers - 0 on 2 Attempt(s) - 0.00%

Penalty Kill

New York Islanders - 2 on 2 Attempt(s) - 100.00% - Score 0 goal in Penalty Kill
Florida Panthers - 3 on 3 Attempt(s) - 100.00% - Score 0 goal in Penalty Kill

Team Stat

New York Islanders - Hits : 40 - Faceoff Wins : 31 - Blocked Shots : 14 - Penalty Minutes : 4
Florida Panthers - Hits : 33 - Faceoff Wins : 25 - Blocked Shots : 13 - Penalty Minutes : 6

Official

Referees : Kelly Sutherland and Jake Brenk
Linesman : Ryan Galloway and Brad Kovachik

Game Notes

No Game Note

Finance

Level 1 -- Attendance: 9278 (92.78%) -- Ticket Income fr. 742'240
Level 2 -- Attendance: 1655 (82.75%) -- Ticket Income fr. 107'575
Level 3 -- Attendance: 2678 (76.51%) -- Ticket Income fr. 93'730
Level 4 -- Attendance: 1351 (93.17%) -- Ticket Income fr. 27'020
Luxury Box -- Attendance: 45 (90.00%) -- Ticket Income fr. 9'000
Game was played at the BBT Center.
Total Attendance: 15007 (88.28%)
Total Ticket Income: fr. 979'565
Total Income: fr. 979'565

New York Islanders

5 vs 5 Forward 
   Center                   Left Wing                Right Wing               Time % Phy DF OF 
 1 Bryan Little             Anders Lee               Mikko Rantanen           28     0   1  4  
 2 Mikael Backlund          Daniel Sedin             Alex Galchenyuk          28     0   2  3  
 3 Sam Reinhart             Mikkel Boedker           Kyle Okposo              26     1   2  2  
 4 Chris Tierney            Magnus Paajarvi          Nikolay Kulemin          18     2   3  0  

5 vs 5 Defense 
   Defense                  Defense                                           Time % Phy DF OF 
 1 Derek Forbort            Oliver Ekman-Larsson                              34     1   2  2  
 2 Andrew MacDonald         Braydon Coburn                                    34     1   2  2  
 3 Dennis Seidenberg        Kevin Shattenkirk                                 26     1   3  1  
 4 Derek Forbort            Oliver Ekman-Larsson                              6      2   3  0  

PowerPlay Forward 
   Center                   Left Wing                Right Wing               Time % Phy DF OF 
 1 Bryan Little             Anders Lee               Mikko Rantanen           55     0   0  5  
 2 Mikael Backlund          Daniel Sedin             Sam Reinhart             45     0   0  5  

PowerPlay Defense
   Defense                  Defense                                           Time % Phy DF OF 
 1 Oliver Ekman-Larsson     Kevin Shattenkirk                                 55     0   1  4  
 2 Andrew MacDonald         Derek Forbort                                     45     0   2  3  

Penalty Kill 4 Players Forward 
   Center                   Wing                     Time % Phy DF OF 
 1 Mikael Backlund          Nikolay Kulemin          55     0   5  0  
 2 Chris Tierney            Magnus Paajarvi          45     0   5  0  

Penalty Kill 4 Players Defense
   Defense                  Defense                  Time % Phy DF OF 
 1 Derek Forbort            Oliver Ekman-Larsson     55     0   5  0  
 2 Braydon Coburn           Andrew MacDonald         45     0   5  0  

Penalty Kill - 3 Players Forward 
   Forward                                           Time % Phy DF OF 
 1 Mikael Backlund                                   60     0   5  0  
 2 Nikolay Kulemin                                   40     0   5  0  

Penalty Kill - 3 Players Defense
   Defense                  Defense                  Time % Phy DF OF 
 1 Derek Forbort            Oliver Ekman-Larsson     60     0   5  0  
 2 Braydon Coburn           Andrew MacDonald         40     0   5  0  

4 vs 4 Forward 
   Center                   Wing                     Time % Phy DF OF 
 1 Bryan Little             Mikko Rantanen           55     0   2  3  
 2 Mikael Backlund          Anders Lee               45     0   2  3  

4 vs 4 Defense
   Defense                  Defense                  Time % Phy DF OF 
 1 Derek Forbort            Oliver Ekman-Larsson     55     0   3  2  
 2 Braydon Coburn           Andrew MacDonald         45     0   3  2  

Last Minutes Offensive
   Center                   Left Wing                Right Wing               Defense                  Defense                  
   Bryan Little             Anders Lee               Mikko Rantanen           Oliver Ekman-Larsson     Kevin Shattenkirk        

Last Minutes Defensive
   Center                   Left Wing                Right Wing               Defense                  Defense                  
   Mikael Backlund          Chris Tierney            Nikolay Kulemin          Oliver Ekman-Larsson     Derek Forbort            

Goaltenders
Starting : Martin Jones             
Backup : Christopher Gibson       

Extra Forwards
Normal : Mikko Rantanen, Mikael Backlund, Anders Lee - PP : Mikko Rantanen, Mikael Backlund - PK : Mikko Rantanen
Extra Defensemen
Normal : Oliver Ekman-Larsson, Derek Forbort, Andrew MacDonald - PP : Oliver Ekman-Larsson - PK : Oliver Ekman-Larsson, Derek Forbort
Penalty Shots
Anders Lee, Mikko Rantanen, Daniel Sedin, Sam Reinhart, Bryan Little
Custom OT Lines Forwards
Mikko Rantanen, Mikael Backlund, Anders Lee, Bryan Little, Daniel Sedin, Alex Galchenyuk, Sam Reinhart, Kyle Okposo, Mikkel Boedker, Chris Tierney
Custom OT Lines Defensemen
Oliver Ekman-Larsson, Derek Forbort, Andrew MacDonald, Kevin Shattenkirk, Braydon Coburn

Scratches
Josh Gorges (Right Eye Injury)

Florida Panthers

5 vs 5 Forward 
   Center                   Left Wing                Right Wing               Time % Phy DF OF 
 1 Aleksander Barkov        Jonathan Huberdeau       Brock Boeser             30     1   2  2  
 2 Vincent Trocheck         Jared McCann             Jimmy Vesey              30     1   2  2  
 3 Mark Jankowski           Melker Karlsson          Radim Vrbata             25     1   2  2  
 4 Nick Bjugstad            Cody McLeod              Brett Ritchie            15     1   2  2  

5 vs 5 Defense 
   Defense                  Defense                                           Time % Phy DF OF 
 1 Keith Yandle             Darnell Nurse                                     30     1   2  2  
 2 Mark Pysyk               Ian McCoshen                                      30     1   2  2  
 3 Justin Holl              Mike Matheson                                     25     1   2  2  
 4 Keith Yandle             Darnell Nurse                                     15     1   2  2  

PowerPlay Forward 
   Center                   Left Wing                Right Wing               Time % Phy DF OF 
 1 Aleksander Barkov        Jonathan Huberdeau       Brock Boeser             50     1   2  2  
 2 Vincent Trocheck         Jared McCann             Jimmy Vesey              50     1   2  2  

PowerPlay Defense
   Defense                  Defense                                           Time % Phy DF OF 
 1 Keith Yandle             Darnell Nurse                                     50     1   2  2  
 2 Mark Pysyk               Ian McCoshen                                      50     1   2  2  

Penalty Kill 4 Players Forward 
   Center                   Wing                     Time % Phy DF OF 
 1 Aleksander Barkov        Vincent Trocheck         50     1   2  2  
 2 Jonathan Huberdeau       Jared McCann             50     1   2  2  

Penalty Kill 4 Players Defense
   Defense                  Defense                  Time % Phy DF OF 
 1 Darnell Nurse            Justin Holl              50     1   2  2  
 2 Mark Pysyk               Ian McCoshen             50     1   2  2  

Penalty Kill - 3 Players Forward 
   Forward                                           Time % Phy DF OF 
 1 Aleksander Barkov                                 50     1   2  2  
 2 Vincent Trocheck                                  50     1   2  2  

Penalty Kill - 3 Players Defense
   Defense                  Defense                  Time % Phy DF OF 
 1 Justin Holl              Keith Yandle             50     1   2  2  
 2 Mark Pysyk               Ian McCoshen             50     1   2  2  

4 vs 4 Forward 
   Center                   Wing                     Time % Phy DF OF 
 1 Aleksander Barkov        Vincent Trocheck         50     1   2  2  
 2 Jonathan Huberdeau       Mark Jankowski           50     1   2  2  

4 vs 4 Defense
   Defense                  Defense                  Time % Phy DF OF 
 1 Keith Yandle             Justin Holl              50     1   2  2  
 2 Mark Pysyk               Ian McCoshen             50     1   2  2  

Last Minutes Offensive
   Center                   Left Wing                Right Wing               Defense                  Defense                  
   Aleksander Barkov        Jonathan Huberdeau       Brock Boeser             Keith Yandle             Darnell Nurse            

Last Minutes Defensive
   Center                   Left Wing                Right Wing               Defense                  Defense                  
   Aleksander Barkov        Jonathan Huberdeau       Brock Boeser             Keith Yandle             Darnell Nurse            

Goaltenders
Starting : Roberto Luongo           
Backup : Scott Darling            

Extra Forwards
Normal : Radim Vrbata, Mark Jankowski, Melker Karlsson - PP : Radim Vrbata, Mark Jankowski - PK : Melker Karlsson
Extra Defensemen
Normal : Justin Holl, Ian McCoshen, Mark Pysyk - PP : Justin Holl - PK : Ian McCoshen, Mark Pysyk
Penalty Shots
Aleksander Barkov, Vincent Trocheck, Jonathan Huberdeau, Radim Vrbata, Jared McCann
Custom OT Lines Forwards
Aleksander Barkov, Vincent Trocheck, Jonathan Huberdeau, Brock Boeser, Jared McCann, Jimmy Vesey, Radim Vrbata, Mark Jankowski, Melker Karlsson, Brett Ritchie
Custom OT Lines Defensemen
Darnell Nurse, Keith Yandle, Mark Pysyk, Ian McCoshen, Justin Holl

Scratches
None


% Time on Ice - New York Islanders

Lines # - Real PCT - Wanted PCT - Time Play
Normal Forward
1 - 28% - 28% - 14:02
2 - 24% - 28% - 11:47
3 - 27% - 26% - 13:25
4 - 22% - 18% - 10:51
Normal Defense
1 - 32% - 34% - 16:04
2 - 38% - 34% - 19:08
3 - 27% - 26% - 13:32
4 - 3% - 6% - 1:21
PP Forward
1 - 51% - 55% - 3:01
2 - 49% - 45% - 2:56
PP Defense
1 - 48% - 55% - 2:53
2 - 52% - 45% - 3:04
PK Forward
1 - 56% - 55% - 2:14
2 - 44% - 45% - 1:44
PK Defense
1 - 63% - 55% - 2:31
2 - 37% - 45% - 1:27
PK3 Forward
1 - 0% - 60%
2 - 0% - 40%
PK3 Defense
1 - 0% - 60%
2 - 0% - 40%
44 Forward
1 - 0% - 55%
2 - 0% - 45%
44 Defense
1 - 0% - 55%
2 - 0% - 45%
Last Minute Offensive  - 0:00
Last Minute Defensive  - 0:00
Total
Forward - 60:00
Defense - 60:00

% Time on Ice - Florida Panthers

Lines # - Real PCT - Wanted PCT - Time Play
Normal Forward
1 - 27% - 30% - 13:45
2 - 24% - 30% - 12:14
3 - 30% - 25% - 14:48
4 - 19% - 15% - 9:18
Normal Defense
1 - 30% - 30% - 15:05
2 - 31% - 30% - 15:20
3 - 27% - 25% - 13:46
4 - 12% - 15% - 5:54
PP Forward
1 - 47% - 50% - 1:51
2 - 53% - 50% - 2:07
PP Defense
1 - 42% - 50% - 1:39
2 - 58% - 50% - 2:19
PK Forward
1 - 51% - 50% - 3:01
2 - 49% - 50% - 2:56
PK Defense
1 - 51% - 50% - 3:03
2 - 49% - 50% - 2:54
PK3 Forward
1 - 0% - 50%
2 - 0% - 50%
PK3 Defense
1 - 0% - 50%
2 - 0% - 50%
44 Forward
1 - 0% - 50%
2 - 0% - 50%
44 Defense
1 - 0% - 50%
2 - 0% - 50%
Last Minute Offensive  - 0:00
Last Minute Defensive  - 0:00
Total
Forward - 60:00
Defense - 60:00

Play-by-Play

1st period


0:01 of 1st period - Aleksander Barkov wins face-off versus Bryan Little in neutral zone.
0:27 of 1st period - Alex Galchenyuk is hit by Melker Karlsson.
1:50 of 1st period - Aleksander Barkov is hit by Mikael Backlund and loses puck.
2:17 of 1st period - Mikael Backlund is hit by Aleksander Barkov.
2:33 of 1st period - Wrist shot by Jonathan Huberdeau.
2:33 of 1st period - Deflect By Brock Boeser.
2:33 of 1st period - Shot Blocked by Derek Forbort.
2:33 of 1st period - Puck is out of play.
2:34 of 1st period - Sam Reinhart wins face-off versus Vincent Trocheck in New York Islanders zone.
2:45 of 1st period - Slapshot by Mikkel Boedker.
2:45 of 1st period - Shot Blocked by Keith Yandle.
3:18 of 1st period - Derek Forbort is hit by Cody McLeod and loses puck.
3:29 of 1st period - Justin Holl is hit by Oliver Ekman-Larsson.
3:41 of 1st period - Snap shot by Anders Lee.
3:41 of 1st period - Shot Blocked by Jared McCann.
6:06 of 1st period - Derek Forbort is hit by Ian McCoshen and loses puck.
6:15 of 1st period - Mikael Backlund is hit by Jonathan Huberdeau and loses puck.
6:46 of 1st period - Mike Matheson is hit by Sam Reinhart and loses puck.
7:13 of 1st period - Kyle Okposo is hit by Ian McCoshen.
7:25 of 1st period - Justin Holl is hit by Kyle Okposo and loses puck.
7:36 of 1st period - Snap shot by Sam Reinhart.
7:36 of 1st period - Shot Misses the Net.
7:38 of 1st period - Slapshot by Braydon Coburn.
7:38 of 1st period - Shot Misses the Net.
7:40 of 1st period - Snap shot by Mikkel Boedker.
7:40 of 1st period - Stopped by Roberto Luongo without a rebound.
7:41 of 1st period - Bryan Little wins face-off versus Jimmy Vesey in Florida Panthers zone.
7:52 of 1st period - Kevin Shattenkirk is hit by Jimmy Vesey and loses puck.
8:28 of 1st period - Minor Penalty to Mark Jankowski for Roughing.
8:29 of 1st period - Bryan Little wins face-off versus Aleksander Barkov in Florida Panthers zone.
8:29 of 1st period - Snap shot by Mikko Rantanen.
8:29 of 1st period - Stopped by Roberto Luongo with a rebound.
9:05 of 1st period - Slapshot by Sam Reinhart.
9:05 of 1st period - Shot Blocked by Aleksander Barkov.
10:28 of 1st period - Penalty to Mark Jankowski is over, Mark Jankowski is back on ice.
10:39 of 1st period - Snap shot by Chris Tierney.
10:39 of 1st period - Deflect By Nikolay Kulemin.
10:39 of 1st period - Stopped by Roberto Luongo with a rebound.
10:57 of 1st period - Snap shot by Mikkel Boedker.
10:57 of 1st period - Shot Misses the Net.
10:59 of 1st period - Slapshot by Braydon Coburn.
10:59 of 1st period - Stopped by Roberto Luongo without a rebound.
11:00 of 1st period - Chris Tierney wins face-off versus Nick Bjugstad in Florida Panthers zone.
11:25 of 1st period - Ian McCoshen is hit by Dennis Seidenberg and loses puck.
11:32 of 1st period - Dennis Seidenberg is hit by Mark Pysyk and loses puck.
11:47 of 1st period - Snap shot by Mikko Rantanen.
11:47 of 1st period - Shot Blocked by Vincent Trocheck.
12:19 of 1st period - Mark Pysyk is hit by Magnus Paajarvi.
12:40 of 1st period - Snap shot by Mikko Rantanen.
12:40 of 1st period - Stopped by Roberto Luongo with a rebound.
12:42 of 1st period - Slapshot by Andrew MacDonald.
12:42 of 1st period - Shot Misses the Net.
12:44 of 1st period - Snap shot by Bryan Little.
12:44 of 1st period - Stopped by Roberto Luongo with a rebound.
12:54 of 1st period - Vincent Trocheck is hit by Sam Reinhart.
13:27 of 1st period - Oliver Ekman-Larsson is hit by Radim Vrbata and loses puck.
13:40 of 1st period - Snap shot by Daniel Sedin.
13:40 of 1st period - Stopped by Roberto Luongo without a rebound.
13:41 of 1st period - Jared McCann wins face-off versus Bryan Little in Florida Panthers zone.
13:41 of 1st period - Jared McCann is hit by Anders Lee.
13:49 of 1st period - Jared McCann is hit by Bryan Little and loses puck.
14:11 of 1st period - Icing by Sam Reinhart.
14:12 of 1st period - Aleksander Barkov wins face-off versus Sam Reinhart in New York Islanders zone.
14:13 of 1st period - Wrist shot by Jonathan Huberdeau.
14:13 of 1st period - Shot Blocked by Kevin Shattenkirk.
14:15 of 1st period - Slapshot by Mark Pysyk.
14:15 of 1st period - Stopped by Martin Jones with a rebound.
14:17 of 1st period - Slapshot by Mark Pysyk.
14:17 of 1st period - Stopped by Martin Jones with a rebound.
14:25 of 1st period - Wrist shot by Aleksander Barkov.
14:25 of 1st period - Goal by Aleksander Barkov - New York Islanders : 0 - Florida Panthers : 1.
14:26 of 1st period - Vincent Trocheck wins face-off versus Anders Lee in neutral zone.
14:26 of 1st period - Jimmy Vesey is hit by Mikko Rantanen and loses puck.
14:37 of 1st period - Snap shot by Vincent Trocheck.
14:37 of 1st period - Shot Misses the Net.
14:39 of 1st period - Wrist shot by Jimmy Vesey.
14:39 of 1st period - Goal by Jimmy Vesey - New York Islanders : 0 - Florida Panthers : 2.
14:40 of 1st period - Bryan Little wins face-off versus Aleksander Barkov in neutral zone.
14:53 of 1st period - Oliver Ekman-Larsson is hit by Darnell Nurse and loses puck.
15:06 of 1st period - Derek Forbort is hit by Darnell Nurse.
15:10 of 1st period - Vincent Trocheck is hit by Mikael Backlund and loses puck.
15:41 of 1st period - Dennis Seidenberg is hit by Melker Karlsson and loses puck.
15:58 of 1st period - Mark Pysyk is hit by Kyle Okposo and loses puck.
16:19 of 1st period - Snap shot by Bryan Little.
16:19 of 1st period - Shot Blocked by Mike Matheson.
16:21 of 1st period - Snap shot by Mikko Rantanen.
16:21 of 1st period - Stopped by Roberto Luongo without a rebound.
16:22 of 1st period - Mikael Backlund wins face-off versus Vincent Trocheck in Florida Panthers zone.
16:23 of 1st period - Snap shot by Alex Galchenyuk.
16:23 of 1st period - Stopped by Roberto Luongo without a rebound.
16:24 of 1st period - Mikael Backlund wins face-off versus Vincent Trocheck in Florida Panthers zone.
17:04 of 1st period - Keith Yandle is hit by Derek Forbort and loses puck.
17:21 of 1st period - Slapshot by Mark Jankowski.
17:21 of 1st period - Stopped by Martin Jones without a rebound.
17:22 of 1st period - Mark Jankowski wins face-off versus Mikael Backlund in New York Islanders zone.
17:31 of 1st period - Wrist shot by Mikael Backlund.
17:31 of 1st period - Shot Misses the Net.
17:33 of 1st period - Snap shot by Mikael Backlund.
17:33 of 1st period - Shot Misses the Net.
17:35 of 1st period - Slapshot by Andrew MacDonald.
17:35 of 1st period - Stopped by Roberto Luongo without a rebound.
17:36 of 1st period - Vincent Trocheck wins face-off versus Bryan Little in Florida Panthers zone.
18:25 of 1st period - Ian McCoshen is hit by Braydon Coburn and loses puck.
18:44 of 1st period - Snap shot by Brett Ritchie.
18:44 of 1st period - Shot Misses the Net.
18:46 of 1st period - Wrist shot by Cody McLeod.
18:46 of 1st period - Shot Blocked by Oliver Ekman-Larsson.
18:48 of 1st period - Slapshot by Ian McCoshen.
18:48 of 1st period - Stopped by Martin Jones without a rebound.
18:49 of 1st period - Mikko Rantanen wins face-off versus Vincent Trocheck in New York Islanders zone.
18:56 of 1st period - Snap shot by Bryan Little.
18:56 of 1st period - Stopped by Roberto Luongo without a rebound.
18:57 of 1st period - Jared McCann wins face-off versus Mikko Rantanen in Florida Panthers zone.
18:57 of 1st period - Jared McCann is hit by Derek Forbort.
19:49 of 1st period - Slapshot by Jared McCann.
19:49 of 1st period - Shot Misses the Net.
19:51 of 1st period - Wrist shot by Jimmy Vesey.
19:51 of 1st period - Stopped by Martin Jones with a rebound.
19:53 of 1st period - Snap shot by Jimmy Vesey.
19:53 of 1st period - Shot Blocked by Oliver Ekman-Larsson.
19:55 of 1st period - Slapshot by Keith Yandle.
19:55 of 1st period - Stopped by Martin Jones without a rebound.
19:56 of 1st period - Mikael Backlund wins face-off versus Aleksander Barkov in New York Islanders zone.
Goals for this period are 0 for New York Islanders vs 2 for Florida Panthers.
Shots for this period are 11 for New York Islanders vs 8 for Florida Panthers.

2nd period


0:01 of 2nd period - Mikael Backlund wins face-off versus Aleksander Barkov in neutral zone.
1:14 of 2nd period - Snap shot by Jonathan Huberdeau.
1:14 of 2nd period - Shot Misses the Net.
1:16 of 2nd period - Slapshot by Mike Matheson.
1:16 of 2nd period - Shot Blocked by Dennis Seidenberg.
1:28 of 2nd period - Mark Pysyk is hit by Dennis Seidenberg and loses puck.
2:21 of 2nd period - Minor Penalty to Kyle Okposo for Holding.
2:22 of 2nd period - Mikael Backlund wins face-off versus Aleksander Barkov in New York Islanders zone.
2:49 of 2nd period - Chris Tierney is hit by Jared McCann and loses puck.
2:54 of 2nd period - Snap shot by Vincent Trocheck.
2:54 of 2nd period - Shot Misses the Net.
2:56 of 2nd period - Wrist shot by Jared McCann.
2:56 of 2nd period - Shot Misses the Net.
2:58 of 2nd period - Slapshot by Ian McCoshen.
2:58 of 2nd period - Deflect By Chris Tierney.
2:58 of 2nd period - Stopped by Martin Jones without a rebound.
2:59 of 2nd period - Mikael Backlund wins face-off versus Jimmy Vesey in New York Islanders zone.
4:21 of 2nd period - Penalty to Kyle Okposo is over, Kyle Okposo is back on ice.
5:25 of 2nd period - Chris Tierney is hit by Justin Holl and loses puck.
7:08 of 2nd period - Icing by Andrew MacDonald.
7:09 of 2nd period - Brock Boeser wins face-off versus Bryan Little in New York Islanders zone.
7:12 of 2nd period - Snap shot by Aleksander Barkov.
7:12 of 2nd period - Stopped by Martin Jones without a rebound.
7:13 of 2nd period - Mark Jankowski wins face-off versus Mikael Backlund in New York Islanders zone.
7:20 of 2nd period - Slapshot by Keith Yandle.
7:20 of 2nd period - Shot Blocked by Alex Galchenyuk.
7:22 of 2nd period - Slapshot by Darnell Nurse.
7:22 of 2nd period - Shot Blocked by Oliver Ekman-Larsson.
7:24 of 2nd period - Wrist shot by Melker Karlsson.
7:24 of 2nd period - Stopped by Martin Jones with a rebound.
7:26 of 2nd period - Snap shot by Keith Yandle.
7:26 of 2nd period - Shot Blocked by Mikael Backlund.
7:28 of 2nd period - Slapshot by Darnell Nurse.
7:28 of 2nd period - Deflect By Alex Galchenyuk.
7:28 of 2nd period - Stopped by Martin Jones with a rebound.
7:38 of 2nd period - Jonathan Huberdeau is hit by Oliver Ekman-Larsson and loses puck.
7:53 of 2nd period - Jonathan Huberdeau is hit by Dennis Seidenberg and loses puck.
8:06 of 2nd period - Jared McCann is hit by Magnus Paajarvi and loses puck.
8:23 of 2nd period - Snap shot by Jimmy Vesey.
8:23 of 2nd period - Shot Misses the Net.
8:33 of 2nd period - Darnell Nurse is hit by Bryan Little and loses puck.
9:23 of 2nd period - Wrist shot by Oliver Ekman-Larsson.
9:23 of 2nd period - Shot Blocked by Brock Boeser.
9:25 of 2nd period - Wrist shot by Magnus Paajarvi.
9:25 of 2nd period - Shot Misses the Net.
9:27 of 2nd period - Slapshot by Derek Forbort.
9:27 of 2nd period - Stopped by Roberto Luongo without a rebound.
9:28 of 2nd period - Mikael Backlund wins face-off versus Melker Karlsson in Florida Panthers zone.
9:31 of 2nd period - Wrist shot by Mikael Backlund.
9:31 of 2nd period - Shot Misses the Net.
9:33 of 2nd period - Wrist shot by Mikael Backlund.
9:33 of 2nd period - Shot Blocked by Mike Matheson.
9:35 of 2nd period - Snap shot by Mikael Backlund.
9:35 of 2nd period - Shot Misses the Net.
9:37 of 2nd period - Snap shot by Daniel Sedin.
9:37 of 2nd period - Deflect By Mikael Backlund.
9:37 of 2nd period - Stopped by Roberto Luongo without a rebound.
9:38 of 2nd period - Mark Jankowski wins face-off versus Mikael Backlund in Florida Panthers zone.
9:38 of 2nd period - Mark Jankowski is hit by Alex Galchenyuk.
10:01 of 2nd period - Mike Matheson is hit by Daniel Sedin and loses puck.
10:49 of 2nd period - Mike Matheson is hit by Alex Galchenyuk and loses puck.
10:55 of 2nd period - Icing by Justin Holl.
10:56 of 2nd period - Mark Jankowski wins face-off versus Bryan Little in Florida Panthers zone.
10:56 of 2nd period - Mark Jankowski is hit by Anders Lee.
11:06 of 2nd period - Oliver Ekman-Larsson is hit by Melker Karlsson.
11:10 of 2nd period - Snap shot by Mark Jankowski.
11:10 of 2nd period - Shot Misses the Net.
11:34 of 2nd period - Snap shot by Brock Boeser.
11:34 of 2nd period - Deflect By Aleksander Barkov.
11:34 of 2nd period - Shot Misses the Net.
11:34 of 2nd period - Puck is out of play.
11:35 of 2nd period - Aleksander Barkov wins face-off versus Chris Tierney in New York Islanders zone.
11:38 of 2nd period - Slapshot by Aleksander Barkov.
11:38 of 2nd period - Deflect By Jonathan Huberdeau.
11:38 of 2nd period - Stopped by Martin Jones with a rebound.
11:40 of 2nd period - Slapshot by Darnell Nurse.
11:40 of 2nd period - Shot Blocked by Kevin Shattenkirk.
11:42 of 2nd period - Snap shot by Aleksander Barkov.
11:42 of 2nd period - Shot Blocked by Dennis Seidenberg.
11:44 of 2nd period - Snap shot by Brock Boeser.
11:44 of 2nd period - Shot Hit the Post.
11:48 of 2nd period - Slapshot by Aleksander Barkov.
11:48 of 2nd period - Stopped by Martin Jones with a rebound.
11:50 of 2nd period - Wrist shot by Keith Yandle.
11:50 of 2nd period - Deflect By Brock Boeser.
11:50 of 2nd period - Stopped by Martin Jones with a rebound.
11:52 of 2nd period - Snap shot by Brock Boeser.
11:52 of 2nd period - Stopped by Martin Jones without a rebound.
11:53 of 2nd period - Jimmy Vesey wins face-off versus Sam Reinhart in New York Islanders zone.
11:58 of 2nd period - Snap shot by Jared McCann.
11:58 of 2nd period - Shot Misses the Net.
12:05 of 2nd period - Off-side.
12:06 of 2nd period - Bryan Little wins face-off versus Aleksander Barkov in neutral zone.
12:09 of 2nd period - Wrist shot by Mikko Rantanen.
12:09 of 2nd period - Deflect By Anders Lee.
12:09 of 2nd period - Stopped by Roberto Luongo without a rebound.
12:10 of 2nd period - Aleksander Barkov wins face-off versus Bryan Little in Florida Panthers zone.
12:10 of 2nd period - Aleksander Barkov is hit by Anders Lee.
12:22 of 2nd period - Snap shot by Aleksander Barkov.
12:22 of 2nd period - Stopped by Martin Jones without a rebound.
12:23 of 2nd period - Vincent Trocheck wins face-off versus Mikael Backlund in New York Islanders zone.
12:38 of 2nd period - Slapshot by Derek Forbort.
12:38 of 2nd period - Shot Misses the Net.
12:48 of 2nd period - Jonathan Huberdeau is hit by Kyle Okposo and loses puck.
13:15 of 2nd period - Wrist shot by Mikko Rantanen.
13:15 of 2nd period - Shot Blocked by Mark Jankowski.
13:41 of 2nd period - Minor Penalty to Kevin Shattenkirk for Holding.
13:42 of 2nd period - Mikael Backlund wins face-off versus Vincent Trocheck in New York Islanders zone.
14:03 of 2nd period - Jimmy Vesey is hit by Magnus Paajarvi and loses puck.
14:25 of 2nd period - Snap shot by Jared McCann.
14:25 of 2nd period - Shot Blocked by Derek Forbort.
14:27 of 2nd period - Wrist shot by Vincent Trocheck.
14:27 of 2nd period - Deflect By Jared McCann.
14:27 of 2nd period - Stopped by Martin Jones with a rebound.
14:29 of 2nd period - Wrist shot by Jared McCann.
14:29 of 2nd period - Stopped by Martin Jones without a rebound.
14:30 of 2nd period - Aleksander Barkov wins face-off versus Mikael Backlund in New York Islanders zone.
15:41 of 2nd period - Penalty to Kevin Shattenkirk is over, Kevin Shattenkirk is back on ice.
16:56 of 2nd period - Melker Karlsson is hit by Derek Forbort and loses puck.
17:17 of 2nd period - Wrist shot by Bryan Little.
17:17 of 2nd period - Stopped by Roberto Luongo with a rebound.
17:31 of 2nd period - Mark Pysyk is hit by Kyle Okposo.
17:52 of 2nd period - Chris Tierney is hit by Vincent Trocheck and loses puck.
18:11 of 2nd period - Wrist shot by Alex Galchenyuk.
18:11 of 2nd period - Deflect By Radim Vrbata.
18:11 of 2nd period - Shot Blocked by Mark Jankowski.
18:11 of 2nd period - Puck is out of play.
18:12 of 2nd period - Alex Galchenyuk wins face-off versus Mark Jankowski in Florida Panthers zone.
18:27 of 2nd period - Mikael Backlund is hit by Keith Yandle and loses puck.
18:34 of 2nd period - Snap shot by Alex Galchenyuk.
18:34 of 2nd period - Deflect By Mikael Backlund.
18:34 of 2nd period - Stopped by Roberto Luongo without a rebound.
18:35 of 2nd period - Bryan Little wins face-off versus Vincent Trocheck in Florida Panthers zone.
18:46 of 2nd period - Ian McCoshen is hit by Anders Lee and loses puck.
19:13 of 2nd period - Slapshot by Anders Lee.
19:13 of 2nd period - Stopped by Roberto Luongo without a rebound.
19:14 of 2nd period - Daniel Sedin wins face-off versus Aleksander Barkov in Florida Panthers zone.
19:17 of 2nd period - Slapshot by Alex Galchenyuk.
19:17 of 2nd period - Shot Blocked by Darnell Nurse.
19:19 of 2nd period - Slapshot by Andrew MacDonald.
19:19 of 2nd period - Shot Misses the Net.
19:43 of 2nd period - Kevin Shattenkirk is hit by Jared McCann and loses puck.
19:48 of 2nd period - Snap shot by Kyle Okposo.
19:48 of 2nd period - Shot Misses the Net.
Goals for this period are 0 for New York Islanders vs 0 for Florida Panthers.
Shots for this period are 6 for New York Islanders vs 11 for Florida Panthers.

3rd period


0:01 of 3rd period - Vincent Trocheck wins face-off versus Alex Galchenyuk in neutral zone.
0:04 of 3rd period - Snap shot by Vincent Trocheck.
0:04 of 3rd period - Stopped by Martin Jones with a rebound.
0:06 of 3rd period - Wrist shot by Jimmy Vesey.
0:06 of 3rd period - Stopped by Martin Jones with a rebound.
1:02 of 3rd period - Braydon Coburn is hit by Jared McCann and loses puck.
1:24 of 3rd period - Alex Galchenyuk is hit by Cody McLeod and loses puck.
1:53 of 3rd period - Oliver Ekman-Larsson is hit by Mark Jankowski and loses puck.
1:58 of 3rd period - Slapshot by Melker Karlsson.
1:58 of 3rd period - Shot Blocked by Bryan Little.
2:00 of 3rd period - Wrist shot by Radim Vrbata.
2:00 of 3rd period - Stopped by Martin Jones without a rebound.
2:01 of 3rd period - Vincent Trocheck wins face-off versus Mikael Backlund in New York Islanders zone.
2:08 of 3rd period - Snap shot by Vincent Trocheck.
2:08 of 3rd period - Shot Misses the Net.
2:10 of 3rd period - Slapshot by Ian McCoshen.
2:10 of 3rd period - Shot Blocked by Mikael Backlund.
3:07 of 3rd period - Slapshot by Chris Tierney.
3:07 of 3rd period - Shot Blocked by Radim Vrbata.
3:23 of 3rd period - Vincent Trocheck is hit by Daniel Sedin and loses puck.
3:44 of 3rd period - Darnell Nurse is hit by Mikko Rantanen and loses puck.
3:49 of 3rd period - Slapshot by Mikko Rantanen.
3:49 of 3rd period - Stopped by Roberto Luongo without a rebound.
3:50 of 3rd period - Aleksander Barkov wins face-off versus Bryan Little in Florida Panthers zone.
3:52 of 3rd period - Minor Penalty to Keith Yandle for Holding.
3:53 of 3rd period - Jonathan Huberdeau wins face-off versus Bryan Little in Florida Panthers zone.
5:52 of 3rd period - Penalty to Keith Yandle is over, Keith Yandle is back on ice.
5:58 of 3rd period - Andrew MacDonald is hit by Mark Jankowski and loses puck.
6:52 of 3rd period - Daniel Sedin is hit by Ian McCoshen and loses puck.
7:21 of 3rd period - Darnell Nurse is hit by Oliver Ekman-Larsson and loses puck.
8:38 of 3rd period - Chris Tierney is hit by Ian McCoshen and loses puck.
9:18 of 3rd period - Mikko Rantanen is hit by Aleksander Barkov and loses puck.
9:49 of 3rd period - Chris Tierney is hit by Mark Jankowski and loses puck.
9:54 of 3rd period - Snap shot by Radim Vrbata.
9:54 of 3rd period - Stopped by Martin Jones with a rebound.
10:02 of 3rd period - Andrew MacDonald is hit by Radim Vrbata and loses puck.
10:15 of 3rd period - Chris Tierney is hit by Justin Holl and loses puck.
10:27 of 3rd period - Darnell Nurse is hit by Dennis Seidenberg and loses puck.
10:45 of 3rd period - Oliver Ekman-Larsson is hit by Jared McCann and loses puck.
11:22 of 3rd period - Minor Penalty to Brett Ritchie for Hooking.
11:23 of 3rd period - Mikael Backlund wins face-off versus Jonathan Huberdeau in Florida Panthers zone.
11:26 of 3rd period - Slapshot by Daniel Sedin.
11:26 of 3rd period - Stopped by Roberto Luongo with a rebound.
11:36 of 3rd period - Justin Holl is hit by Daniel Sedin and loses puck.
11:55 of 3rd period - Snap shot by Anders Lee.
11:55 of 3rd period - Stopped by Roberto Luongo with a rebound.
13:22 of 3rd period - Penalty to Brett Ritchie is over, Brett Ritchie is back on ice.
13:33 of 3rd period - Chris Tierney is hit by Mike Matheson and loses puck.
13:44 of 3rd period - Brett Ritchie is hit by Derek Forbort and loses puck.
14:01 of 3rd period - Nikolay Kulemin is hit by Radim Vrbata and loses puck.
14:14 of 3rd period - Wrist shot by Mikkel Boedker.
14:14 of 3rd period - Stopped by Roberto Luongo without a rebound.
14:15 of 3rd period - Aleksander Barkov wins face-off versus Sam Reinhart in Florida Panthers zone.
14:15 of 3rd period - Aleksander Barkov is hit by Mikkel Boedker.
14:34 of 3rd period - Icing by Mikkel Boedker.
14:35 of 3rd period - Vincent Trocheck wins face-off versus Mikael Backlund in New York Islanders zone.
15:29 of 3rd period - Backhand shot by Oliver Ekman-Larsson.
15:29 of 3rd period - Stopped by Roberto Luongo without a rebound.
15:30 of 3rd period - Sam Reinhart wins face-off versus Mark Jankowski in Florida Panthers zone.
15:30 of 3rd period - Sam Reinhart is hit by Mark Jankowski.
15:32 of 3rd period - Snap shot by Mikkel Boedker.
15:32 of 3rd period - Deflect By Kyle Okposo.
15:32 of 3rd period - Shot Blocked by Darnell Nurse.
15:32 of 3rd period - Puck is out of play.
15:33 of 3rd period - Mikkel Boedker wins face-off versus Mark Jankowski in Florida Panthers zone.
15:48 of 3rd period - Snap shot by Melker Karlsson.
15:48 of 3rd period - Shot Misses the Net.
16:02 of 3rd period - Wrist shot by Chris Tierney.
16:02 of 3rd period - Shot Misses the Net.
16:04 of 3rd period - Slapshot by Nikolay Kulemin.
16:04 of 3rd period - Goal by Nikolay Kulemin - New York Islanders : 1 - Florida Panthers : 2.
16:05 of 3rd period - Kyle Okposo wins face-off versus Mark Jankowski in neutral zone.
16:10 of 3rd period - Wrist shot by Kyle Okposo.
16:10 of 3rd period - Stopped by Roberto Luongo with a rebound.
16:12 of 3rd period - Slapshot by Oliver Ekman-Larsson.
16:12 of 3rd period - Deflect By Kyle Okposo.
16:12 of 3rd period - Shot Misses the Net.
16:12 of 3rd period - Puck is out of play.
16:13 of 3rd period - Sam Reinhart wins face-off versus Mark Jankowski in Florida Panthers zone.
16:55 of 3rd period - Icing by Derek Forbort.
16:56 of 3rd period - Chris Tierney wins face-off versus Vincent Trocheck in New York Islanders zone.
17:26 of 3rd period - Off-side.
17:27 of 3rd period - Mark Jankowski wins face-off versus Anders Lee in neutral zone.
17:54 of 3rd period - Wrist shot by Mikko Rantanen.
17:54 of 3rd period - Shot Misses the Net.
18:00 of 3rd period - Slapshot by Mikko Rantanen.
18:00 of 3rd period - Stopped by Roberto Luongo with a rebound.
18:02 of 3rd period - Snap shot by Kevin Shattenkirk.
18:02 of 3rd period - Deflect By Mikko Rantanen.
18:02 of 3rd period - Deflect By Keith Yandle.
18:02 of 3rd period - Shot Misses the Net.
18:02 of 3rd period - Puck is out of play.
18:03 of 3rd period - Sam Reinhart wins face-off versus Aleksander Barkov in Florida Panthers zone.
18:10 of 3rd period - Wrist shot by Mikkel Boedker.
18:10 of 3rd period - Shot Misses the Net.
18:12 of 3rd period - Wrist shot by Sam Reinhart.
18:12 of 3rd period - Shot Misses the Net.
18:14 of 3rd period - Wrist shot by Mikkel Boedker.
18:14 of 3rd period - Goal by Mikkel Boedker - New York Islanders : 2 - Florida Panthers : 2.
18:15 of 3rd period - Sam Reinhart wins face-off versus Mark Jankowski in neutral zone.
18:18 of 3rd period - Radim Vrbata is hit by Oliver Ekman-Larsson and loses puck.
18:44 of 3rd period - Darnell Nurse is hit by Chris Tierney.
18:48 of 3rd period - Wrist shot by Keith Yandle.
18:48 of 3rd period - Deflect By Brock Boeser.
18:48 of 3rd period - Stopped by Martin Jones without a rebound.
18:49 of 3rd period - Sam Reinhart wins face-off versus Jonathan Huberdeau in New York Islanders zone.
18:49 of 3rd period - Sam Reinhart is hit by Mark Pysyk.
19:23 of 3rd period - Wrist shot by Mark Jankowski.
19:23 of 3rd period - Shot Misses the Net.
19:34 of 3rd period - Icing by Braydon Coburn.
19:35 of 3rd period - Bryan Little wins face-off versus Aleksander Barkov in New York Islanders zone.
19:56 of 3rd period - Brock Boeser is hit by Bryan Little and loses puck.
Goals for this period are 2 for New York Islanders vs 0 for Florida Panthers.
Shots for this period are 9 for New York Islanders vs 5 for Florida Panthers.

Overtime #1


0:01 of 1st overtime period - Mikael Backlund wins face-off versus Vincent Trocheck in neutral zone.
0:04 of 1st overtime period - Wrist shot by Mikael Backlund.
0:04 of 1st overtime period - Deflect By Anders Lee.
0:04 of 1st overtime period - Shot Blocked by Aleksander Barkov.
0:04 of 1st overtime period - Puck is out of play.
0:05 of 1st overtime period - Vincent Trocheck wins face-off versus Mikael Backlund in Florida Panthers zone.
0:14 of 1st overtime period - Slapshot by Vincent Trocheck.
0:14 of 1st overtime period - Stopped by Martin Jones without a rebound.
0:15 of 1st overtime period - Vincent Trocheck wins face-off versus Mikael Backlund in New York Islanders zone.
0:16 of 1st overtime period - Snap shot by Aleksander Barkov.
0:16 of 1st overtime period - Shot Blocked by Mikko Rantanen.
0:30 of 1st overtime period - Snap shot by Mikko Rantanen.
0:30 of 1st overtime period - Stopped by Roberto Luongo without a rebound.
0:31 of 1st overtime period - Mikael Backlund wins face-off versus Vincent Trocheck in Florida Panthers zone.
0:36 of 1st overtime period - Snap shot by Mikko Rantanen.
0:36 of 1st overtime period - Stopped by Roberto Luongo with a rebound.
0:44 of 1st overtime period - Snap shot by Mikael Backlund.
0:44 of 1st overtime period - Stopped by Roberto Luongo without a rebound.
0:45 of 1st overtime period - Mikael Backlund wins face-off versus Vincent Trocheck in Florida Panthers zone.
0:48 of 1st overtime period - Slapshot by Mikael Backlund.
0:48 of 1st overtime period - Shot Misses the Net.
0:58 of 1st overtime period - Wrist shot by Vincent Trocheck.
0:58 of 1st overtime period - Shot Misses the Net.
1:19 of 1st overtime period - Wrist shot by Bryan Little.
1:19 of 1st overtime period - Stopped by Roberto Luongo with a rebound.
1:21 of 1st overtime period - Slapshot by Anders Lee.
1:21 of 1st overtime period - Shot Misses the Net.
1:23 of 1st overtime period - Snap shot by Bryan Little.
1:23 of 1st overtime period - Deflect By Anders Lee.
1:23 of 1st overtime period - Goal by Anders Lee - New York Islanders : 3 - Florida Panthers : 2.
Goals for this period are 1 for New York Islanders vs 0 for Florida Panthers.
Shots for this period are 5 for New York Islanders vs 1 for Florida Panthers.